AoeStats
← DSLG | Mr.Olivaz

Black Forest

509542818Analyzed
2v2 RM · 5d ago on Sep 27, 2026· 61m 27s· 4 players
Game mode
Random Map
Map size
Medium (4 player)
Population
200
Speed
Normal
Resources
Standard
Victory
Conquest
Starting age
Dark Age
Ending age
Imperial Age
RankedLock teamsTeams togetherTeam positionsShared explorationLock speedFull tech treeHidden civsTurbo modeCheats
Victory
Defeat
🇻🇪 Shu · Venezuela
962
+17
🇺🇸 Celts · United States
921
+19
🇺🇸 Vikings · United States
990
-18
🇲🇽 Persians · Mexico
988
-18
DSLG | Mr.Olivaz
1:39 Loom
11:23 Feudal Age
16:46 Castle Age
15:22 Double-Bit Axe
15:53 Horse Collar
20:25 Stone Mining
21:34 Heavy Plow
21:46 Bow Saw
24:21 Town Watch
25:22 Gold Mining
27:23 Gold Shaft Mining
31:54 Imperial Age
30:09 Fortified Wall
29:40 Treadmill Crane
32:18 Chieftains
34:40 Chemistry
34:57 Conscription
34:59 Masonry
36:33 Two-Man Saw
36:06 Crop Rotation
36:34 Forging
36:24 Scale Mail Armor
35:57 Onager
39:00 Siege Engineers
42:38 Iron Casting
42:19 Chain Mail Armor
42:29 Ballistics
42:51 Heavy Scorpion
45:09 Elite Berserk
46:52 Blast Furnace
46:23 Plate Mail Armor
49:40 Caravan
Darkfield
0:30 Loom
12:25 Feudal Age
17:00 Castle Age
16:03 Stone Mining
16:01 Double-Bit Axe
16:24 Horse Collar
24:56 Kamandaran
26:19 Wheelbarrow
26:12 Town Watch
27:34 Masonry
27:44 Crossbowman
28:54 Bow Saw
28:51 Heavy Plow
29:08 Gold Mining
31:30 Fletching
31:41 Padded Archer Armor
32:32 Hand Cart
34:59 Imperial Age
33:40 Gold Shaft Mining
33:42 Ballistics
34:31 Thumb Ring
34:37 Town Patrol
36:17 Chemistry
36:22 Conscription
36:01 Bodkin Arrow
36:23 Leather Archer Armor
36:34 Onager
41:52 Ring Archer Armor
41:27 Scale Barding Armor
41:33 Forging
45:35 Husbandry
45:46 Bloodlines
45:58 Chain Barding Armor
46:14 Iron Casting
45:00 Elite War Elephant
45:53 Citadels
46:16 Architecture
46:00 Devotion
49:04 Plate Barding Armor
DecrepitoX
0:27 Loom
13:31 Feudal Age
17:13 Castle Age
17:39 Double-Bit Axe
18:50 Bow Saw
23:29 Stone Mining
26:30 Wheelbarrow
27:32 Padded Archer Armor
27:23 Fletching
29:06 Ballistics
31:02 Scale Mail Armor
31:12 Forging
30:55 Gold Mining
31:40 Stone Shaft Mining
31:49 Stronghold
32:54 Leather Archer Armor
32:34 Bodkin Arrow
33:27 Chain Mail Armor
33:35 Fortified Wall
33:20 Murder Holes
37:19 Imperial Age
35:30 Gold Shaft Mining
36:45 Horse Collar
38:11 Iron Casting
37:25 Onager
39:14 Furor Celtica
39:27 Conscription
39:19 Arrowslits
40:34 Chemistry
39:45 Masonry
40:21 Heavy Scorpion
41:28 Siege Onager
41:34 Capped Ram
45:20 Elite Woad Raider
46:18 Siege Engineers
49:35 Siege Ram
56:40 Plate Mail Armor
57:10 Blast Furnace
57:45 Hand Cart
NexTz
0:26 Loom
12:22 Feudal Age
16:45 Castle Age
14:46 Stone Mining
15:18 Double-Bit Axe
15:41 Horse Collar
29:44 Imperial Age
28:03 Gambesons
28:25 Scale Mail Armor
29:09 Gold Mining
29:54 Forging
31:34 Bow Saw
31:49 Conscription
32:11 Chain Mail Armor
34:26 Plate Mail Armor
34:05 Squires
35:04 Gold Shaft Mining
36:08 Theocracy
36:54 Heavy Plow
38:26 Elite White Feather Guard
39:22 Padded Archer Armor
39:30 Scale Barding Armor
40:40 Illumination
40:27 Fervor
41:10 Wheelbarrow
40:21 Town Watch
41:37 Ballistics
42:17 Chemistry
41:39 Treadmill Crane
42:26 Coiled Serpent Array
43:45 Siege Engineers
43:51 Fortified Wall
44:48 Arson
46:24 Hand Cart
46:56 Leather Archer Armor
47:01 Chain Barding Armor
48:13 Capped Ram
50:00 Two-Man Saw
50:04 Caravan
50:52 Plate Barding Armor
50:48 Ring Archer Armor
49:48 Siege Ram
54:02 Town Patrol
Connection lost

Rejoining the realm…

Still unreachable

The connection could not be restored.

Session expired

The server has moved on; the page needs a fresh start.